Map: 사이버 포레스트 - 래더

Players

sOs

  • Race: Protoss Protoss
  • Spawn Location: 5:00

Namshar - Winner!

  • Race: Zerg Zerg
  • Spawn Location: 11:00

Event: IEM Season 13: Katowice (2019)

VOD

Have the link to the VOD?

Description

Time

  • Played on: Feb. 25, 2019, 6:36 a.m.
  • Length: 11:46

All games in this series

Show
View Real Time Build Order
Export as new Build Order

sOs Protoss 

Build Orders: 1 Gate Expand, Chargelot Immortal, Mass Phoenix 

Get SALT Encoding   

  12  0:00  Probe  
  13  0:12  Probe  
  14  0:18  Pylon  
  14  0:24  Probe  
  15  0:32  Probe  
  15  0:39  Gateway  
  15  0:41  Probe  
  16  0:47  Assimilator  
  17  0:51  Probe  
  18  1:03  Probe  
  19  1:15  Probe  
  20  1:24  Nexus  
  20  1:34  Cybernetics Core  
  20  1:38  Probe  
  21  1:46  Assimilator  
  21  1:50  Probe  
  21  1:52  Pylon  
  22  2:01  Adept  
  22  2:02  Probe  
  23  2:13  Warp Gate  
  23  2:14  Probe  
  26  2:24  Twilight Council  
  26  2:26  Probe  
  26  2:31  Stalker  
  26  2:33  Probe  
  26  2:34  Probe  
  28  2:41  Probe  
  28  2:42  Probe  
  32  2:51  Probe  
  32  2:53  Probe  
  34  3:00  Resonating Glaives  
  34  3:01  Adept  
  34  3:03  Probe  
  37  3:06  Probe  
  38  3:14  Gateway  
  38  3:20  Gateway  
  38  3:22  Probe  
  38  3:23  Probe  
  40  3:31  Adept  
  42  3:36  Pylon  
  42  3:38  Probe x2  
  44  3:49  Pylon  
  44  3:50  Probe x2  
  46  3:56  Stargate  
  46  3:59  Stargate  
  46  4:02  Assimilator  
  46  4:03  Probe  
  46  4:05  Assimilator  
  47  4:14  Adept x2  
  47  4:15  Adept  
  53  4:17  Probe x2  
  53  4:21  Pylon  
  55  4:29  Probe  
  55  4:30  Probe  
  57  4:36  Phoenix  
  57  4:43  Phoenix  
  61  4:53  Probe x2, Phoenix  
  59  5:00  Phoenix  
  59  5:03  Shield Battery  
  59  5:09  Pylon  
  59  5:10  Phoenix  
  61  5:15  Probe  
  61  5:17  Zealot  
  61  5:18  Zealot  
  68  5:22  Phoenix  
  68  5:27  Phoenix  
  70  5:45  Probe x2  
  70  5:47  Phoenix  
  74  5:51  Phoenix  
  75  6:11  Probe x2  
  75  6:15  Pylon  
  77  6:18  Robotics Facility  
  77  6:20  Robotics Facility  
  77  6:23  Phoenix  
  77  6:24  Phoenix  
  77  6:29  Probe  
  77  6:30  Pylon  
  78  6:34  Sentry, Zealot  
  78  6:36  Charge  
  78  6:38  Nexus  
  82  6:40  Pylon  
  82  6:42  Zealot  
  82  6:47  Probe x2  
  86  6:58  Immortal  
  86  7:01  Observer  
  86  7:02  Zealot x2  
  86  7:03  Probe x2  
  86  7:04  Pylon  
  86  7:07  Gateway  
  97  7:08  Forge  
  97  7:13  Shield Battery  
  97  7:16  Immortal  
  97  7:27  Probe x2  
  97  7:29  Immortal  
  103  7:30  Pylon  
  103  7:38  Pylon  
  103  7:44  Protoss Ground Weapons Level 1  
  107  7:45  Probe  
  107  7:46  Probe  
  107  7:48  Assimilator  
  107  7:50  Sentry, Pylon  
  107  7:51  Sentry  
  113  7:59  Immortal  
  117  8:07  Gateway  
  117  8:10  Gateway  
  117  8:11  Probe x3  
  120  8:21  Immortal  
  120  8:27  Probe  
  120  8:30  Templar Archives  
  120  8:31  Gateway  
  120  8:33  Probe  
  126  8:36  Assimilator  
  126  8:38  Sentry  
  128  8:41  Shield Battery  
  128  8:42  Shield Battery  
  128  8:47  Psionic Storm  
  128  8:59  Zealot x3  
  128  9:01  Immortal  
  138  9:05  Probe  
  137  9:10  High Templar x2  
  141  9:19  High Templar  
  141  9:23  Photon Cannon  
  143  9:27  Photon Cannon  
  143  9:30  Zealot x2, High Templar  
  149  9:34  Pylon  
  149  9:40  Pylon  
  149  9:42  Pylon  
  149  9:44  Pylon  
  149  9:50  Immortal x2  
  141  10:01  Zealot x3  
  141  10:02  Zealot x2  
  135  10:13  Zealot x2  
  109  10:16  Immortal x2  
  105  10:22  Zealot x2  
  105  10:23  Zealot x2  
  103  10:42  High Templar x2  
  99  10:43  High Templar x2  
  99  10:47  Archon  
  99  10:49  High Templar x2  
  96  11:18  Zealot x4  
  96  11:24  Zealot x2  
  96  11:39  Zealot x3, Archon  
Show
View Real Time Build Order
Export as new Build Order

Namshar Zerg - Winner!

Build Orders: Hatch First, Roach Hydra 

Get SALT Encoding   

  12  0:00  Drone  
  13  0:12  Overlord  
  13  0:17  Drone  
  14  0:30  Drone  
  15  0:44  Hatchery  
  15  0:48  Drone  
  15  0:51  Drone  
  15  0:55  Drone  
  17  1:10  Spawning Pool  
  16  1:12  Extractor  
  16  1:14  Drone  
  16  1:19  Drone  
  16  1:22  Drone  
  18  1:32  Drone  
  19  1:41  Drone  
  20  1:56  Queen x2  
  20  1:57  Zergling x4  
  26  2:03  Overlord  
  26  2:08  Drone  
  27  2:17  Metabolic Boost  
  27  2:23  Drone x2  
  27  2:28  Drone  
  30  2:32  Drone  
  31  2:42  Hatchery  
  30  2:47  Drone  
  30  2:50  Overlord  
  30  2:51  Drone  
  30  2:53  Drone  
  32  2:58  Drone  
  32  3:01  Drone  
  34  3:06  Queen  
  34  3:09  Drone x2  
  34  3:10  Drone  
  39  3:14  Zergling x2  
  39  3:15  Drone  
  41  3:20  Drone x2  
  41  3:21  Overlord  
  41  3:25  Drone  
  44  3:36  Roach Warren  
  44  3:38  Overlord  
  44  3:39  Drone  
  44  3:40  Drone  
  45  3:43  Overlord  
  45  3:44  Drone x2  
  45  3:48  Drone  
  48  3:49  Spore Crawler  
  48  3:52  Queen  
  48  3:54  Extractor  
  48  3:57  Drone  
  48  4:00  Drone x3  
  52  4:04  Extractor  
  52  4:05  Drone x2  
  52  4:09  Drone x3  
  58  4:17  Roach x3  
  58  4:19  Roach  
  58  4:23  Roach x2  
  68  4:26  Overlord  
  68  4:28  Roach  
  68  4:30  Zergling x2  
  71  4:37  Roach  
  73  4:39  Overlord  
  73  4:40  Overlord  
  72  4:47  Zergling x2  
  72  4:48  Roach, Zergling x6  
  75  4:59  Drone x2  
  75  5:02  Drone x6  
  75  5:06  Lair  
  80  5:15  Overlord  
  80  5:16  Drone x4  
  80  5:17  Drone x2  
  86  5:25  Overlord  
  86  5:27  Drone  
  87  5:28  Evolution Chamber  
  87  5:31  Overlord  
  87  5:34  Spore Crawler  
  85  5:35  Spore Crawler  
  85  5:38  Extractor x2  
  85  5:41  Queen  
  85  5:42  Queen  
  83  5:45  Zergling x6  
  82  5:50  Drone  
  82  5:53  Overlord  
  82  5:54  Drone  
  82  6:03  Roach, Zergling x8  
  84  6:12  Extractor  
  84  6:14  Glial Reconstitution  
  84  6:15  Hydralisk Den, Drone  
  84  6:17  Queen  
  84  6:24  Drone x3  
  84  6:25  Overlord, Drone x3  
  90  6:26  Queen  
  90  6:28  Zerg Missile Weapons Level 1  
  90  6:31  Roach x2  
  96  6:35  Drone  
  96  6:37  Overlord  
  96  6:39  Drone  
  98  6:41  Spore Crawler  
  98  6:42  Drone  
  98  6:43  Drone  
  98  6:44  Drone x2  
  98  6:45  Drone x2  
  102  6:53  Queen  
  102  6:54  Roach x2  
  102  6:55  Roach  
  102  6:56  Grooved Spines  
  102  7:01  Roach  
  102  7:02  Roach  
  102  7:04  Spore Crawler  
  102  7:05  Drone  
  102  7:07  Pneumatized Carapace, Spore Crawler  
  103  7:09  Hydralisk x3  
  103  7:12  Overlord  
  109  7:16  Queen  
  109  7:22  Drone  
  110  7:23  Drone x2  
  110  7:28  Queen  
  110  7:29  Roach x5  
  126  7:30  Roach  
  126  7:34  Roach x2  
  130  7:41  Overlord x2  
  130  7:42  Overlord  
  130  7:49  Hydralisk x2  
  130  7:50  Hydralisk  
  136  7:57  Drone  
  136  7:58  Drone  
  137  8:03  Hydralisk x7  
  151  8:08  Muscular Augments  
  151  8:16  Overlord x2  
  151  8:21  Hatchery  
  151  8:22  Drone x2  
  149  8:33  Hydralisk x3  
  149  8:34  Hydralisk x4  
  151  8:39  Zerg Missile Weapons Level 2  
  163  8:46  Lurker Den  
  162  8:50  Infestation Pit  
  162  8:52  Hydralisk x4  
  169  8:57  Overlord  
  169  8:58  Overlord  
  169  9:00  Overlord  
  169  9:09  Hydralisk  
  168  9:10  Hydralisk x3  
  174  9:19  Hydralisk x4  
  174  9:22  Ravager x2  
  174  9:23  Ravager x2  
  184  9:30  Drone x6  
  186  9:45  Hydralisk x6  
  184  9:49  Drone x3  
  192  9:57  Hydralisk  
  192  9:58  Zergling x10  
  170  10:10  Hydralisk x5  
  158  10:16  Drone x6  
  162  10:24  Hydralisk x4  
  170  10:29  Hydralisk  
  170  10:35  Hydralisk x3  
  149  10:45  Hydralisk x6  
  159  10:57  Hydralisk x6  
  159  10:59  Drone x2  
  169  11:07  Drone  
  169  11:10  Extractor x2  

Tags
 
Add a new tag
Caveats
  • Supply blocks, unpowered buildings, or Contaminate may cause inaccurate times.
  • Supply counts are checked every 10 seconds.